 Dungeon Crawl Stone Soup version 0.18.1-8-gdd0e5ea (webtiles) character file.

112 Liquid the Cudgeler (level 4, -2/50 HPs)
             Began as an Ogre Berserker on June 11, 2016.
             Was a Believer of Trog.
             Slain by Sigmund
             ... wielding a +5 scythe of flaming
              (9 damage)
             ... while paralysed
             ... on level 3 of the Dungeon.
             The game lasted 00:04:56 (2363 turns).

Liquid the Cudgeler (Ogre Berserker)                Turns: 2363, Time: 00:04:56

Health: -2/50      AC:  3    Str: 22    XL:     4   Next: 93%
Magic:  4/4        EV:  1    Int:  7    God:    Trog [**....]
Gold:   93         SH:  0    Dex:  9    Spells: 0 memorised, 3 levels left

rFire  . . .     SeeInvis .     a - +0 mace
rCold  . . .     Gourm    .     b - +0 animal skin
rNeg   . . .     Faith    .     (no shield)
rPois  .         Spirit   .     (helmet restricted)
rElec  .         Dismiss  .     (no cloak)
rCorr  .         Reflect  .     (gloves unavailable)
SustAt .         Harm     .     (boots unavailable)
MR     .....                    (no amulet)
Stlth  +.........               (no ring)
                                (no ring)

@: paralysed, exhausted, slowed, not resistant to hostile enchantments, very
unstealthy
A: unfitting armour, tough skin 1
a: Berserk, Trog's Hand, Burn Spellbooks, Renounce Religion


You were on level 3 of the Dungeon.
You worshipped Trog.
Trog was pleased with you.
You were hungry.

You visited 1 branch of the dungeon, and saw 3 of its levels.

You collected 93 gold pieces.

Inventory:

Hand Weapons
 a - a +0 mace (weapon)
 s - a +0 flail
Armour
 b - a +0 animal skin (worn)
Scrolls
 e - 2 scrolls of teleportation {unknown}
 f - a scroll of remove curse {unknown}
 h - a scroll of random uselessness {unknown}
 i - a scroll of magic mapping {unknown}
 k - 2 scrolls of recharging {unknown}
 l - 2 scrolls of fear {unknown}
 m - a scroll of noise {unknown}
 u - a scroll of amnesia {unknown}
Potions
 g - 2 potions of haste
 j - 2 potions of magic
 n - 3 potions of curing
 o - a potion of heal wounds
 p - a potion of agility
 q - a potion of degeneration {unknown}
 v - a potion of might {unknown}
Comestibles
 c - 4 bread rations
 d - a meat ration
 r - a chunk of flesh


   Skills:
 * Level 5.5 Fighting
 * Level 5.5 Maces & Flails
 + Level 1.5 Throwing
 - Level 2.6 Dodging


You had 3 spell levels left.
You didn't know any spells.

Dungeon Overview and Level Annotations

Branches:
Dungeon (3/15)

Altars:
Dithmenos
Pakellas

Annotations:
D:3 Sigmund


Innate Abilities, Weirdness & Mutations

You are too large for most types of armour.
You have tough skin (AC +1).


Message History

Sigmund hits you but does no damage.
Found a scroll labeled ROASEF OR LICA.
You hit the worm.
The worm is moderately wounded.
You are no longer berserk.
You pass out from exhaustion.
You feel yourself slow down.
You are feeling hungry.
Sigmund hits you from afar with a scythe of flaming!
Sigmund burns you.
You feel less confused. The worm completely misses you.
Sigmund hits you from afar with a scythe of flaming!
* * * LOW HITPOINT WARNING * * *
Sigmund burns you.
* * * LOW HITPOINT WARNING * * *
The worm bites you.
* * * LOW HITPOINT WARNING * * *
Sigmund hits you from afar with a scythe of flaming!
You die...

# # #. .# ##.
#.## ###########
#.? #...##
..........#
#.##.....##
#########.#
#.#.......#
#.####..@w._....
#....)@#......?#
#########.....##
###### #$..##
...... #.##
###### ...
...... ##. #####
.#


You could see Sigmund and a worm.

Vanquished Creatures
  4 adders
  A dart slug (D:1)
  A giant gecko (D:1)
  An orc (D:3)
  A ball python (D:1)
  2 giant cockroaches
  9 goblins
  9 hobgoblins
  5 jackals
  11 kobolds
  14 bats
  A giant newt (D:2)
  6 rats
65 creatures vanquished.

Notes
Turn   | Place    | Note
--------------------------------------------------------------
     0 | D:1      | Liquid the Ogre Berserker began the quest for the Orb.
     0 | D:1      | Reached XP level 1. HP: 24/24 MP: 1/1
    60 | D:1      | Reached XP level 2. HP: 32/32 MP: 2/2
   458 | D:1      | Reached XP level 3. HP: 40/40 MP: 3/3
   592 | D:1      | Reached ** piety under Trog
   764 | D:1      | Reached skill level 5 in Fighting
  1183 | D:2      | Reached skill level 5 in Maces & Flails
  1287 | D:2      | Reached XP level 4. HP: 47/50 MP: 4/4
  1370 | D:2      | Reached skill level 1 in Throwing
  2307 | D:3      | Found an oddly glowing altar of Pakellas.
  2347 | D:3      | Found a shadowy altar of Dithmenos.
  2348 | D:3      | Noticed Sigmund
  2363 | D:3      | Slain by Sigmund

Skill      XL: |  1  2  3  4 |
---------------+-------------+-----
Fighting       | 5 |  5.5
Maces & Flails | 5 |  5.5
Throwing       | 1 |  1.5
Dodging        | |  2.6

Action                   |  1- 3 |  4- 6 || total
-------------------------+-------+-------++-------
Melee: Mace              |   139 |    81 ||   220
Invok: Berserk           |       |     1 ||     1
  Use: Scroll            |       |     5 ||     5
  Eat: Chunk             |     1 |     4 ||     5
Armor: Animal skin       |    57 |    20 ||    77
Dodge: Dodged            |   113 |    54 ||   167
